SKY
LOS ANGELES DODGERS @ SAN DIEGO PADRES
10/05/2052
 
TOP OF THE 1ST
Los Angeles Dodgers batting - Pitching for San Diego Padres : RHP Calvin Owen
Pitching: RHP Calvin Owen
Batting: RHB Noah Summerville 0-0: Ground out 6-3 (Groundball, 6, EV 102.5 MPH)
Batting: LHB Trent Veasey 0-0: Called Strike
0-1: Swinging Strike
0-2: Strikes out swinging
Batting: RHB Storm Ellis 0-0: Foul Ball, location: 2F
0-1: Foul Ball, location: 2F
0-2: Foul Ball, location: 9LMF
0-2: Foul Ball, location: 9LDF
0-2: Hit by Pitch
Batting: LHB Kerry Pietrzak 0-0: Foul Ball, location: 2F
0-1: Called Strike
0-2: Strikes out swinging
Top of the 1st over - 0 runs, 0 hits, 0 errors, 1 left on base; Los Angeles 0 - San Diego 0
BOTTOM OF THE 1ST
San Diego Padres batting - Pitching for Los Angeles Dodgers : LHP Dirk Terre
Pitching: LHP Dirk Terre
Batting: LHB Burl Shearer 0-0: Ball
1-0: Ball
2-0: Fly out, F6 (Popup, 15S, EV 83.8 MPH)
Batting: RHB Des Galindo 0-0: Swinging Strike
0-1: Called Strike
0-2: Ground out 6-3 (Groundball, P, EV 75.6 MPH)
Batting: LHB Lester Flores 0-0: Called Strike
0-1: Ball
1-1: Ground out 5-3 (Groundball, 25, EV 86.9 MPH)
Bottom of the 1st over - 0 runs, 0 hits, 0 errors, 0 left on base; Los Angeles 0 - San Diego 0
TOP OF THE 2ND
Los Angeles Dodgers batting - Pitching for San Diego Padres : RHP Calvin Owen
Batting: RHB Isaac Joseph 0-0: Called Strike
0-1: Foul Ball, location: 5SF
0-2: Ball
1-2: Strikes out swinging
Batting: LHB Andrew Sibold 0-0: Called Strike
0-1: Foul Ball, location: 3SF
0-2: Ball
1-2: Foul Ball, location: 3F
1-2: Ball
2-2: Foul Ball, location: 7LMF
2-2: Foul Ball, location: 2F
2-2: TRIPLE (Flyball, 89XD, EV 102.5 MPH)
Batting: RHB Jorge De La Paz 0-0: Ball
1-0: Called Strike
1-1: Ball
2-1: Foul Ball, location: 9LMF
2-2: Fly out, F8 (Flyball, 8RD, EV 107.5 MPH)
Batting: RHB Christian LeTourneau 0-0: Ball
1-0: Swinging Strike
1-1: Ball
2-1: Foul Ball, location: 2F
2-2: Strikes out looking
Top of the 2nd over - 0 runs, 1 hit, 0 errors, 1 left on base; Los Angeles 0 - San Diego 0
BOTTOM OF THE 2ND
San Diego Padres batting - Pitching for Los Angeles Dodgers : LHP Dirk Terre
Batting: RHB Alex Batista 0-0: Called Strike
0-1: Ball
1-1: Hit by Pitch
Batting: RHB Crow Trottier 0-0: Called Strike
0-1: Foul Ball, location: 2F
0-2: 2-RUN HOME RUN (Line Drive, 78XD, EV 103.8 MPH), Distance : 416 ft
Batting: SHB Dexter Greer 0-0: Ball
1-0: SINGLE (Line Drive, 78M, EV 110.0 MPH)
Batting: RHB Trinidad Apodaca 0-0: Ball
1-0: Ball
2-0: Fly out, F7 (Flyball, 78S, EV 74.4 MPH)
Batting: LHB Flávio Chacon 0-0: Called Strike
0-1: Foul Ball, location: 2F
0-2: Strikes out swinging
Batting: RHB Rudy Hughes 0-0: Ball
1-0: Called Strike
1-1: Reached on error, E5 (Groundball, 56, EV 87.5 MPH)
Dexter Greer to second
Batting: LHB Burl Shearer 0-0: Called Strike
0-1: Ball
1-1: Ball
2-1: Swinging Strike
2-2: Foul Ball, location: 5DF
2-2: Ball
3-2: Base on Balls
Dexter Greer to third
Rudy Hughes to second
Batting: RHB Des Galindo 0-0: Called Strike
0-1: Ball
1-1: Ball
2-1: Foul Ball, location: 2F
2-2: Ball
3-2: Fly out, F9 (Flyball, 89S, EV 89.4 MPH)
Bottom of the 2nd over - 2 runs, 2 hits, 1 error, 3 left on base; Los Angeles 0 - San Diego 2
TOP OF THE 3RD
Los Angeles Dodgers batting - Pitching for San Diego Padres : RHP Calvin Owen
Batting: RHB Benjamin Wilkins 0-0: Ball
1-0: SINGLE (Line Drive, 78S, EV 100.0 MPH)
Batting: RHB Noah Summerville 0-0: Called Strike
0-1: Called Strike
0-2: Ball
1-2: Strikes out swinging
Batting: LHB Trent Veasey 0-0: Ball
1-0: Ball
2-0: Called Strike
2-1: Foul Ball, location: 2F
2-2: SINGLE (Groundball, 4D, EV 108.8 MPH)
Benjamin Wilkins to second
Runner from 2nd tries for 3rd, SAFE, throw by CF made to third
Batting: RHB Storm Ellis 0-0: Grounds into double play, 6-4-3 (Groundball, 6, EV 98.1 MPH)
Top of the 3rd over - 0 runs, 2 hits, 0 errors, 1 left on base; Los Angeles 0 - San Diego 2
BOTTOM OF THE 3RD
San Diego Padres batting - Pitching for Los Angeles Dodgers : LHP Dirk Terre
Batting: LHB Lester Flores 0-0: Called Strike
0-1: Ball
1-1: SINGLE (Groundball, 13S, EV 67.5 MPH) (infield hit)
Batting: RHB Alex Batista 0-0: Foul Ball, location: 9LMF
0-1: Swinging Strike
0-2: Strikes out swinging
Batting: RHB Crow Trottier 0-0: Ball
1-0: Called Strike
1-1: Ball
2-1: Called Strike
2-2: SINGLE (Groundball, 56, EV 110.0 MPH) (infield hit)
Lester Flores to second
Batting: SHB Dexter Greer 0-0: Fielders Choice at 2nd, 5-4 (Groundball, 56, EV 77.5 MPH)
Lester Flores to third
Batting: RHB Trinidad Apodaca 0-0: TRIPLE (Line Drive, 78XD, EV 102.5 MPH)
Lester Flores scores
Dexter Greer scores
Batting: LHB Flávio Chacon 0-0: Ball
1-0: Called Strike
1-1: Ground out 4-3 (Groundball, 4, EV 83.8 MPH)
Bottom of the 3rd over - 2 runs, 3 hits, 0 errors, 1 left on base; Los Angeles 0 - San Diego 4
TOP OF THE 4TH
Los Angeles Dodgers batting - Pitching for San Diego Padres : RHP Calvin Owen
Batting: LHB Kerry Pietrzak 0-0: Ball
1-0: Fly out, F8 (Flyball, 78D, EV 98.1 MPH)
Batting: RHB Isaac Joseph 0-0: Ball
1-0: Called Strike
1-1: Ball
2-1: Fly out, F9 (Flyball, 9S, EV 89.4 MPH)
Batting: LHB Andrew Sibold 0-0: Called Strike
0-1: Ball
1-1: Foul Ball, location: 2F
1-2: Foul Ball, location: 3DF
1-2: Fly out, F7 (Flyball, 7S, EV 81.3 MPH)
Top of the 4th over - 0 runs, 0 hits, 0 errors, 0 left on base; Los Angeles 0 - San Diego 4
BOTTOM OF THE 4TH
San Diego Padres batting - Pitching for Los Angeles Dodgers : LHP Dirk Terre
Batting: RHB Rudy Hughes 0-0: Ball
1-0: Fly out, F7 (Flyball, 7S, EV 82.5 MPH)
Batting: LHB Burl Shearer 0-0: Called Strike
0-1: Ground out 6-3 (Groundball, P, EV 85.0 MPH)
Batting: RHB Des Galindo 0-0: Ball
1-0: Ball
2-0: Called Strike
2-1: Ball
3-1: Base on Balls
Batting: LHB Lester Flores 0-0: Called Strike
0-1: Foul Ball, location: 7LDF
0-2: SINGLE (Line Drive, 4MD, EV 99.4 MPH)
Des Galindo to second
Runner from 2nd tries for 3rd, SAFE, no throw by CF
Batting: RHB Alex Batista 0-0: Foul Ball, location: 7LSF
0-1: Foul Ball, location: 5SF
0-2: Foul Ball, location: 2F
0-2: Ball
1-2: Strikes out swinging
Bottom of the 4th over - 0 runs, 1 hit, 0 errors, 2 left on base; Los Angeles 0 - San Diego 4
TOP OF THE 5TH
Los Angeles Dodgers batting - Pitching for San Diego Padres : RHP Calvin Owen
Batting: RHB Jorge De La Paz 0-0: Ball
1-0: Ball
2-0: Ball
3-0: Base on Balls
Batting: RHB Christian LeTourneau 0-0: Ball
1-0: Called Strike
1-1: 2-RUN HOME RUN (Flyball, 7D, EV 91.3 MPH), Distance : 361 ft
Batting: RHB Benjamin Wilkins 0-0: SINGLE (Groundball, 6D, EV 95.6 MPH)
Batting: RHB Noah Summerville 0-0: Called Strike
0-1: Ball
1-1: Ball
2-1: Called Strike
2-2: Foul Ball, location: 2F
2-2: Foul Ball, location: 9LDF
2-2: Foul Ball, location: 23F
2-2: Ball
3-2: Foul Ball, location: 2F
3-2: Foul Ball, location: 9LSF
3-2: Foul Ball, location: 3FF
3-2: SINGLE (Line Drive, 56D, EV 94.4 MPH)
Benjamin Wilkins to second
Batting: LHB Trent Veasey 0-0: Ball
1-0: Ball
2-0: Ball
3-0: Base on Balls
Benjamin Wilkins to third
Noah Summerville to second
Batting: RHB Storm Ellis 0-0: Ball
1-0: Ball
2-0: Swinging Strike
2-1: Called Strike
2-2: Strikes out swinging
Batting: LHB Kerry Pietrzak 0-0: Ball
1-0: Ball
2-0: GRAND SLAM HOME RUN (Flyball, 9D, EV 99.4 MPH), Distance : 396 ft
Pitching: RHP Brandon Shure
Batting: RHB Isaac Joseph 0-0: Called Strike
0-1: Swinging Strike
0-2: Strikes out swinging
Batting: LHB Andrew Sibold 0-0: Called Strike
0-1: Ball
1-1: Ball
2-1: Foul Ball, location: 7LMF
2-2: SINGLE (Line Drive, 89M, EV 92.5 MPH)
Batting: RHB Jorge De La Paz 0-0: Ball
Andrew Sibold steals 2nd base
1-0: Swinging Strike
1-1: Called Strike
1-2: Strikes out swinging
Top of the 5th over - 6 runs, 5 hits, 0 errors, 1 left on base; Los Angeles 6 - San Diego 4
BOTTOM OF THE 5TH
San Diego Padres batting - Pitching for Los Angeles Dodgers : LHP Dirk Terre
Batting: RHB Crow Trottier 0-0: Ball
1-0: Called Strike
1-1: Swinging Strike
1-2: Ball
2-2: Foul Ball, location: 9LMF
2-2: Ball
3-2: Base on Balls
Batting: SHB Dexter Greer 0-0: Called Strike
0-1: Called Strike
0-2: Ball
1-2: Ball
2-2: Strikes out looking
Pitching: LHP Markel Saud
Batting: RHB Trinidad Apodaca 0-0: Ball
1-0: Ball
2-0: Foul Ball, location: 9LSF
2-1: Ball
3-1: Foul Ball, location: 9LMF
3-2: Strikes out looking
Batting: LHB Flávio Chacon 0-0: Called Strike
0-1: Ball
1-1: Foul Ball, location: 23FF
1-2: Strikes out swinging
Bottom of the 5th over - 0 runs, 0 hits, 0 errors, 1 left on base; Los Angeles 6 - San Diego 4
TOP OF THE 6TH
Los Angeles Dodgers batting - Pitching for San Diego Padres : RHP Brandon Shure
Batting: RHB Christian LeTourneau 0-0: Ball
1-0: Foul Ball, location: 9LMF
1-1: Ball
2-1: Called Strike
2-2: Ground out 6-3 (Groundball, 6, EV 89.4 MPH)
Batting: RHB Benjamin Wilkins 0-0: Ball
1-0: Ball
2-0: Called Strike
2-1: Ball
3-1: Foul Ball, location: 2F
3-2: Fly out, F8 (Flyball, 78M, EV 78.8 MPH)
Batting: RHB Noah Summerville 0-0: Ball
1-0: Ball
2-0: Foul Ball, location: 23F
2-1: Ball
3-1: Foul Ball, location: 9LMF
3-2: Base on Balls
Batting: LHB Trent Veasey 0-0: Foul Ball, location: 25F
0-1: Fly out, F8 (Line Drive, 8LM, EV 93.1 MPH)
Top of the 6th over - 0 runs, 0 hits, 0 errors, 1 left on base; Los Angeles 6 - San Diego 4
BOTTOM OF THE 6TH
San Diego Padres batting - Pitching for Los Angeles Dodgers : LHP Markel Saud
Batting: RHB Rudy Hughes 0-0: Ball
1-0: Ball
2-0: Ball
3-0: Called Strike
3-1: Base on Balls
Batting: LHB Burl Shearer 0-0: DOUBLE (Line Drive, 78D, EV 106.3 MPH)
Rudy Hughes to third
Batting: RHB Des Galindo 0-0: Called Strike
0-1: Foul Ball, location: 2F
0-2: Foul Ball, location: 2F
0-2: Foul Ball, location: 9LMF
0-2: Strikes out looking
Batting: LHB Lester Flores 0-0: Ball
1-0: Ball
2-0: Ball
3-0: Called Strike
3-1: Foul Ball, location: 2F
3-2: Base on Balls
Pitching: RHP Guy Hughes
Batting: RHB Alex Batista 0-0: Ball
1-0: Ball
2-0: Swinging Strike
2-1: Ball
3-1: Foul Ball, location: 2F
3-2: Fly out, F3 (Popup, 34S, EV 67.5 MPH)
Batting: RHB Crow Trottier 0-0: Ball
1-0: Swinging Strike
1-1: Swinging Strike
1-2: Strikes out swinging
Bottom of the 6th over - 0 runs, 1 hit, 0 errors, 3 left on base; Los Angeles 6 - San Diego 4
TOP OF THE 7TH
Los Angeles Dodgers batting - Pitching for San Diego Padres : RHP Brandon Shure
Batting: RHB Storm Ellis 0-0: Ball
1-0: Ball
2-0: Ball
3-0: Called Strike
3-1: Base on Balls
Batting: LHB Kerry Pietrzak 0-0: Grounds into double play, 5-4-3 (Groundball, 56, EV 86.9 MPH)
Batting: RHB Isaac Joseph 0-0: Called Strike
0-1: Fly out, F7 (Flyball, 7, EV 94.4 MPH)
Top of the 7th over - 0 runs, 0 hits, 0 errors, 0 left on base; Los Angeles 6 - San Diego 4
BOTTOM OF THE 7TH
San Diego Padres batting - Pitching for Los Angeles Dodgers : RHP Guy Hughes
Batting: SHB Dexter Greer 0-0: Called Strike
0-1: Ball
1-1: Ball
2-1: Called Strike
2-2: SINGLE (Line Drive, 7LS, EV 91.9 MPH)
Batting: RHB Trinidad Apodaca 0-0: Foul Ball, location: 9LMF
0-1: Ground out 6-3 (Groundball, 6, EV 101.3 MPH)
Dexter Greer to second
Batting: LHB Flávio Chacon 0-0: DOUBLE (Flyball, 78D, EV 108.1 MPH)
Dexter Greer scores
Pinch Hitting: LHB Neil Smyth 0-0: Ball
1-0: Ball
2-0: Called Strike
2-1: Foul Ball, location: 3SF
2-2: SINGLE (Groundball, 34D, EV 108.8 MPH)
Flávio Chacon to third
Runner from 3rd tries for Home, SAFE, throw by RF to home
Batting: LHB Burl Shearer 0-0: SINGLE (Line Drive, 4D, EV 93.8 MPH)
Neil Smyth to second
Batting: RHB Des Galindo 0-0: Ball
1-0: Called Strike
1-1: Foul Ball, location: 2F
1-2: Fly out, F8 (Line Drive, 8LD, EV 102.5 MPH)
Pitching: RHP Scott McKinnis
Batting: LHB Lester Flores 0-0: Called Strike
0-1: Ball
1-1: Ball
2-1: Fly out, F6 (Popup, 6M, EV 76.3 MPH)
Bottom of the 7th over - 2 runs, 4 hits, 0 errors, 2 left on base; Los Angeles 6 - San Diego 6
TOP OF THE 8TH
Los Angeles Dodgers batting - Pitching for San Diego Padres : RHP Brandon Shure
Now at SS: Carter Harding
Batting: LHB Andrew Sibold 0-0: Foul Ball, location: 3F
0-1: Ball
1-1: Ball
2-1: DOUBLE (Line Drive, 89XD, EV 109.4 MPH)
Pinch Hitting: RHB Matt Weber 0-0: Intentional Walk
Pinch Hitting: LHB Ray Fernández 0-0: Called Strike
0-1: Swinging Strike
0-2: Strikes out swinging
Pinch Hitting: RHB Everson Alberto 0-0: Called Strike
Andrew Sibold steals 3rd base
0-1: Swinging Strike
0-2: Ball
1-2: Ball
2-2: Strikes out looking
Matt Weber is caught stealing 2nd base 2-4
Batter strikes out.
Top of the 8th over - 0 runs, 1 hit, 0 errors, 1 left on base; Los Angeles 6 - San Diego 6
BOTTOM OF THE 8TH
San Diego Padres batting - Pitching for Los Angeles Dodgers : RHP Scott McKinnis
Now at 2B: Ray Fernández
Now at 3B: Everson Alberto
Now at SS: Anderson Burney
Batting: RHB Alex Batista 0-0: Foul Ball, location: 2F
0-1: Swinging Strike
0-2: Foul Ball, location: 2F
0-2: Strikes out swinging
Batting: RHB Crow Trottier 0-0: Called Strike
0-1: SINGLE (Line Drive, 6D, EV 96.9 MPH)
Batting: SHB Dexter Greer 0-0: Called Strike
0-1: Ball
1-1: Foul Ball, location: 7LMF
1-2: Ball
2-2: Ball
3-2: Strikes out swinging
Batting: RHB Trinidad Apodaca 0-0: Fly out, F2 (Popup, 3SF, EV 75.6 MPH)
Bottom of the 8th over - 0 runs, 1 hit, 0 errors, 1 left on base; Los Angeles 6 - San Diego 6
TOP OF THE 9TH
Los Angeles Dodgers batting - Pitching for San Diego Padres : RHP Brandon Shure
Batting: RHB Noah Summerville 0-0: Foul Ball, location: 2F
0-1: Ball
1-1: Swinging Strike
1-2: Ball
2-2: Foul Ball, location: 2F
2-2: Ball
3-2: Ground out 6-3 (Groundball, 56, EV 103.1 MPH)
Pitching: LHP Matadór Valdivia
Batting: LHB Trent Veasey 0-0: Ball
1-0: Swinging Strike
1-1: Ball
2-1: Foul Ball, location: 2F
2-2: Foul Ball, location: 3FF
2-2: Foul Ball, location: 2RF
2-2: Strikes out swinging
Batting: RHB Storm Ellis 0-0: Ball
1-0: Foul Ball, location: 9LMF
1-1: Foul Ball, location: 23FF
1-2: Strikes out swinging
Top of the 9th over - 0 runs, 0 hits, 0 errors, 0 left on base; Los Angeles 6 - San Diego 6
BOTTOM OF THE 9TH
San Diego Padres batting - Pitching for Los Angeles Dodgers : RHP Scott McKinnis
Batting: LHB Flávio Chacon 0-0: Called Strike
0-1: Foul Ball, location: 25F
0-2: Strikes out swinging
Batting: RHB Carter Harding 0-0: Ball
1-0: Ball
2-0: Fly out, F2 (Popup, 3SF, EV 75.0 MPH)
Batting: LHB Burl Shearer 0-0: Ball
1-0: Foul Ball, location: 2F
1-1: Foul Ball, location: 5F
1-2: Foul Ball, location: 7LMFF
1-2: Foul Ball, location: 2F
1-2: Foul Ball, location: 23FF
1-2: SINGLE (Groundball, 4, EV 100.6 MPH) (infield hit)
Batting: RHB Des Galindo 0-0: Ball
1-0: Foul Ball, location: 2F
1-1: Foul Ball, location: 9LSF
1-2: Ball
2-2: Ball
3-2: Ground out 5-3 (Groundball, 56, EV 83.1 MPH)
Bottom of the 9th over - 0 runs, 1 hit, 0 errors, 1 left on base; Los Angeles 6 - San Diego 6
TOP OF THE 10TH
Los Angeles Dodgers batting - Pitching for San Diego Padres : LHP Matadór Valdivia
Pitching: RHP Jake Laviolette
Batting: LHB Kerry Pietrzak 0-0: Called Strike
0-1: Swinging Strike
0-2: Foul Ball, location: 7LMF
0-2: Ball
1-2: Ball
2-2: Foul Ball, location: 7LSF
2-2: Strikes out swinging
Batting: RHB Isaac Joseph 0-0: Ball
1-0: Ball
2-0: Foul Ball, location: 5F
2-1: Hit by Pitch
Batting: LHB Andrew Sibold 0-0: Called Strike
0-1: Swinging Strike
0-2: Strikes out swinging
Batting: RHB Anderson Burney 0-0: Called Strike
0-1: Swinging Strike
0-2: Strikes out swinging
Top of the 10th over - 0 runs, 0 hits, 0 errors, 1 left on base; Los Angeles 6 - San Diego 6
BOTTOM OF THE 10TH
San Diego Padres batting - Pitching for Los Angeles Dodgers : RHP Scott McKinnis
Pitching: RHP Maximinio Quiroz
Batting: LHB Lester Flores 0-0: Called Strike
0-1: SINGLE (Line Drive, 3L, EV 106.3 MPH)
Batting: RHB Alex Batista 0-0: Fly out, F8 (Flyball, 8LS, EV 82.5 MPH)
Batting: RHB Crow Trottier 0-0: Foul Ball, location: 2F
0-1: Ball
Lester Flores is caught stealing 2nd base 2-4
1-1: Called Strike
1-2: Strikes out swinging
Bottom of the 10th over - 0 runs, 1 hit, 0 errors, 0 left on base; Los Angeles 6 - San Diego 6
TOP OF THE 11TH
Los Angeles Dodgers batting - Pitching for San Diego Padres : RHP Jake Laviolette
Batting: LHB Ray Fernández 0-0: Foul Ball, location: 2F
0-1: Called Strike
0-2: Foul Ball, location: 7LMF
0-2: Fly out, F9 (Line Drive, 9, EV 88.8 MPH)
Batting: RHB Everson Alberto 0-0: Ball
1-0: Called Strike
1-1: Ball
2-1: Fly out, F9 (Flyball, 9D, EV 90.6 MPH)
Batting: RHB Noah Summerville 0-0: Ball
1-0: Called Strike
1-1: Called Strike
1-2: Ball
2-2: SINGLE (Line Drive, 4MD, EV 95.0 MPH)
Batting: LHB Trent Veasey 0-0: Ball
1-0: SINGLE (Line Drive, 6M, EV 96.9 MPH)
Noah Summerville to second
Batting: RHB Storm Ellis 0-0: Fly out, F3 (Popup, 3SF, EV 80.6 MPH)
Top of the 11th over - 0 runs, 2 hits, 0 errors, 2 left on base; Los Angeles 6 - San Diego 6
BOTTOM OF THE 11TH
San Diego Padres batting - Pitching for Los Angeles Dodgers : RHP Maximinio Quiroz
Batting: SHB Dexter Greer 0-0: Called Strike
0-1: Ball
1-1: Called Strike
1-2: Strikes out swinging
Batting: RHB Trinidad Apodaca 0-0: Ball
1-0: Ball
2-0: Foul Ball, location: 3SF
2-1: SINGLE (Line Drive, 89S, EV 93.8 MPH)
Batting: LHB Flávio Chacon 0-0: Swinging Strike
0-1: Ball
1-1: Ground out 4-3 (Groundball, 34, EV 102.5 MPH)
Trinidad Apodaca to second
Batting: RHB Carter Harding 0-0: Ball
1-0: Foul Ball, location: 2F
1-1: DOUBLE (Line Drive, 3D, EV 95.0 MPH)
Trinidad Apodaca scores
Bottom of the 11th over - 1 run, 2 hits, 0 errors, 1 left on base; Los Angeles 6 - San Diego 7
Friday, May 10th , 2024 - OOTP Baseball 24.11 Build 85